 Dungeon Crawl Stone Soup version 0.20.0-8-g6b59dc7 (webtiles) character file.

1968 Chiseanne the Destroyer (level 9, 49/58 HPs)
             Began as a Demonspawn Wizard on June 1, 2017.
             Was a Follower of Vehumet.
             Quit the game on level 7 of the Dungeon.
             The game lasted 00:18:49 (11177 turns).

Chiseanne the Destroyer (Demonspawn Wizard)        Turns: 11177, Time: 00:18:50

Health: 49/58      AC:  3    Str:  8    XL:     9   Next: 0%
Magic:  17/21      EV: 12    Int: 23    God:    Vehumet [*.....]
Gold:   317        SH:  0    Dex: 11    Spells: 15/24 levels left

rFire    . . .     SeeInvis .   a - +2 dagger (venom)
rCold    . . .     Gourm    .   (no shield)
rNeg     . . .     Faith    .   B - +0 robe
rPois    .         Spirit   .   b - +0 hat
rElec    .         Reflect  .   (no cloak)
rCorr    .         Harm     .   (no gloves)
MR       .....                  (no boots)
Stlth    +++.......             (no amulet)
Regen    0.2/turn               (no ring)
MPRegen  0.2/turn               (no ring)

@: no status effects
A: rugged brown scales 1, nightstalker 1, powered by pain 3
a: Renounce Religion


You were on level 7 of the Dungeon.
You worshipped Vehumet.
Vehumet was aware of your devotion.
You were not hungry.

You visited 2 branches of the dungeon, and saw 8 of its levels.
You also visited: Ossuary.

You collected 317 gold pieces.

Inventory:

Hand Weapons
 a - a +2 dagger of venom (weapon)
 s - a +2 rapier of speed
 J - a +0 glaive of protection
Missiles
 e - 92 arrows
 k - 32 bolts
 m - 184 stones (quivered)
 u - 20 poisoned needles
 w - 6 tomahawks
 y - 16 sling bullets
Armour
 b - a +0 hat (worn)
 B - a +0 robe (worn)
Jewellery
 l - an uncursed ring of fire
 n - an uncursed ring of fire
Scrolls
 q - 3 scrolls of recharging
 r - 2 scrolls of fear
 z - 3 scrolls of remove curse
 E - 10 scrolls of teleportation
 G - 2 scrolls of immolation
Potions
 c - 4 potions of brilliance
 f - 3 potions of berserk rage
 g - a potion of mutation {unknown}
 h - a potion of agility {unknown}
 i - a potion of haste {unknown}
 j - 2 potions of heal wounds
 o - a potion of resistance {unknown}
 p - a potion of invisibility {unknown}
 t - 5 potions of curing
 x - a potion of flight {unknown}
 A - 2 potions of ambrosia
 C - 2 potions of might
Comestibles
 d - 5 bread rations
 v - a chunk of flesh
 D - a meat ration
 F - a royal jelly


   Skills:
 - Level 1.7 Dodging
 - Level 1.7 Stealth
 * Level 8.2 Spellcasting
 * Level 8.3 Conjurations
   Level 1.0 Summonings
 - Level 0.8 Translocations


You had 15 spell levels left.
You knew the following spells:

 Your Spells              Type           Power        Failure   Level  Hunger
a - Magic Dart            Conj           ####         1%          1    None
b - Blink                 Tloc           N/A          7%          2    None
c - Conjure Flame         Conj/Fire      ####....     3%          3    None
d - Mephitic Cloud        Conj/Pois/Air  ###.....     6%          3    None


Dungeon Overview and Level Annotations

Branches:
Dungeon (7/15)             Temple (1/1) D:6

Altars:
Cheibriados
Dithmenos
Elyvilon
Fedhas
Gozag
Hepliaklqana
Kikubaaqudgha
Makhleb
Nemelex Xobeh
Okawaru
Qazlal
Ru
Sif Muna
Trog
Vehumet
Yredelemnul
Zin
The Shining One

Annotations:
D:4 exclusion: statue


Innate Abilities, Weirdness & Mutations

You are partially covered in rugged brown scales. (AC +1, +3% HP)
You are slightly more attuned to the shadows.
You are powered by pain.


Message History

Aiming: Magic Dart
Press: ? - help, Shift-Dir - straight line, f/p - orc priest
Aim: an orc priest, wielding a whip (heavily wounded)
The magic dart hits the orc priest.
The orc priest is severely wounded.
The orc priest looks encouraged for a moment.
Casting: Magic Dart
Confirm with . or Enter, or press ? or * to list all spells.
Aiming: Magic Dart
Press: ? - help, Shift-Dir - straight line, f/p - orc priest
Aim: an orc priest, wielding a whip (severely wounded)
The magic dart hits the orc priest.
You kill the orc priest!
Vehumet accepts your kill.
You have reached level 9!
Your experience leads to an increase in your attributes!
Increase (S)trength, (I)ntelligence, or (D)exterity?
You feel clever.
Your demonic ancestry asserts itself...
You slip into the darkness of the dungeon.
Are you sure you want to abandon this character and quit the game? (Confirm with "yes".)

.. .# )# #.# ..
##.# #..# #@# # #
#.# .# #. ##.#
.#.# . .. #..#
...#.. #.#.##
.....
####....##..##
..............#
######..#<....#.#
#.##)......#


There were no monsters in sight!

Vanquished Creatures
  An ice beast (D:5)
  2 orc warriors (D:6)
  4 ogres (D:6)
  A sky beast (D:6)
  A phantom (D:6)
  A big kobold (D:6)
  A bullfrog (D:6)
  2 scorpions
  A howler monkey (D:6)
  A jelly (D:5)
  3 hounds
  4 orc priests
  An orc wizard (D:5)
  3 centaur skeletons
  An iguana (D:4)
  5 worker ants
  A hound skeleton (D:6)
  12 mummies (Ossuary)
  A worker ant zombie (D:6)
  8 gnolls
  11 adders
  A shadow imp (D:5)
  2 oozes
  An adder skeleton (D:6)
  5 worms
  2 dart slugs
  2 leopard geckos
  21 orcs
  2 ball pythons
  7 giant cockroaches
  9 goblins
  6 hobgoblins
  4 jackals (D:6)
  2 quokkas
  4 bats
  5 frilled lizards
  2 gnoll skeletons (Ossuary)
  3 goblin skeletons (Ossuary)
  11 kobolds
  2 kobold skeletons (Ossuary)
  An orc skeleton (Ossuary)
  8 rats
  11 rat skeletons (Ossuary)
176 creatures vanquished.

Notes
Turn   | Place    | Note
-------+----------+-------------------------------------------
     0 | D:1      | Chiseanne the Demonspawn Wizard began the quest for the Orb.
     0 | D:1      | Reached XP level 1. HP: 13/13 MP: 4/4
   284 | D:1      | Gained mutation: You are partially covered in rugged brown scales. (AC +1, +3% HP) [demonic ancestry]
   284 | D:1      | Reached XP level 2. HP: 13/19 MP: 0/6
   925 | D:1      | Reached XP level 3. HP: 24/24 MP: 1/8
  2049 | D:2      | Found a deep blue altar of Sif Muna.
  2216 | D:2      | Gained mutation: You sometimes gain a little power by taking damage. [demonic ancestry]
  2216 | D:2      | Reached XP level 4. HP: 30/30 MP: 5/9
  2310 | D:2      | Learned a level 2 spell: Blink
  2314 | D:2      | Learned a level 3 spell: Conjure Flame
  2318 | D:2      | Learned a level 3 spell: Mephitic Cloud
  3003 | D:3      | Found a shadowy altar of Dithmenos.
  3222 | D:3      | Reached XP level 5. HP: 21/36 MP: 2/11
  4146 | D:4      | Found a sand-covered staircase.
  4184 | Ossuary  | Entered an ossuary
  4876 | Ossuary  | Reached XP level 6. HP: 42/42 MP: 4/13
  5366 | Ossuary  | Reached skill level 5 in Spellcasting
  6337 | D:4      | Found a stormy altar of Qazlal.
  6443 | D:4      | Reached skill level 5 in Conjurations
  6629 | D:4      | Found a radiant altar of Vehumet.
  6635 | D:4      | Became a worshipper of Vehumet
  6835 | D:5      | Entered Level 5 of the Dungeon
  7062 | D:5      | Noticed an ice beast
  7094 | D:5      | Killed an ice beast
  7094 | D:5      | Gained mutation: You sometimes gain power by taking damage. [demonic ancestry]
  7094 | D:5      | Reached XP level 7. HP: 37/47 MP: 1/15
  7416 | D:5      | Found a snail-covered altar of Cheibriados.
  8913 | D:6      | Found a sparkling altar of Nemelex Xobeh.
  8986 | D:6      | Reached * piety under Vehumet
  8986 | D:6      | Offered knowledge of Flame Tongue by Vehumet.
  9141 | D:6      | Gained mutation: You are powered by pain. [demonic ancestry]
  9141 | D:6      | Reached XP level 8. HP: 19/53 MP: 18/18
  9429 | D:6      | Found a glowing silver altar of Zin.
  9611 | D:6      | Found a staircase to the Ecumenical Temple.
  9637 | Temple   | Entered the Ecumenical Temple
 11176 | D:7      | Gained mutation: You are slightly more attuned to the shadows. [demonic ancestry]
 11176 | D:7      | Reached XP level 9. HP: 49/58 MP: 17/21
 11177 | D:7      | Quit the game

Skill      XL: |  1  2  3  4  5  6  7  8 |
---------------+-------------------------+-----
Conjurations   | 2 3 4 5 6 8 |  8.3
Spellcasting   | 4 5 6 8 |  8.2
Dodging        | |  1.7
Stealth        | |  1.7
Summonings     | |  1.0
Translocations | |  0.8

Action                   |  1- 3 |  4- 6 |  7- 9 || total
-------------------------+-------+-------+-------++-------
Melee: Unarmed           |     7 |       |       ||     7
       Dagger            |       |     1 |    64 ||    65
       Rapier            |       |    18 |     9 ||    27
Throw: Stone             |       |     1 |       ||     1
 Cast: Magic Dart        |    87 |   270 |   199 ||   556
       Conjure Flame     |       |     5 |     8 ||    13
       Mephitic Cloud    |       |     3 |     9 ||    12
       Blink             |       |     3 |     2 ||     5
  Use: Scroll            |       |    15 |     2 ||    17
 Stab: Sleeping          |       |     1 |       ||     1
       Confused          |       |       |     2 ||     2
  Eat: Chunk             |     4 |     8 |    13 ||    25
       Bread ration      |       |     1 |       ||     1
       Royal jelly       |       |     1 |       ||     1
Armor: Robe              |     2 |     8 |    17 ||    27
Dodge: Dodged            |    15 |    43 |    47 ||   105
